Map: Dusk Towers

Players

IIIIIIIIIIII

  • Race: Terran Terran
  • League: Master

IIIIIIIIIIII (State) - Winner!

  • Race: Protoss Protoss
  • League: Master

VOD

Have the link to the VOD?

Description

Time

  • Played on: Feb. 1, 2016, 2:49 p.m.
  • Length: 8:23
Show
View Real Time Build Order
Export as new Build Order

IIIIIIIIIIII Terran 

Build Orders: Reaper Expand 

Get SALT Encoding   

  12  0:01  SCV  
  13  0:13  SCV  
  14  0:17  Supply Depot  
  14  0:25  SCV  
  15  0:39  SCV  
  15  0:41  Barracks  
  16  0:46  Refinery  
  16  0:51  SCV  
  17  1:03  SCV  
  18  1:15  SCV  
  19  1:30  Orbital Command  
  19  1:31  Reaper  
  20  1:43  Command Center  
  20  1:52  Supply Depot  
  20  1:56  SCV  
  20  2:00  Refinery  
  21  2:04  Barracks Reactor  
  21  2:08  SCV  
  22  2:20  SCV  
  23  2:29  Barracks  
  23  2:31  Factory  
  23  2:32  SCV  
  24  2:41  Marine x2  
  26  2:44  SCV  
  26  2:56  SCV  
  26  2:57  Orbital Command  
  27  3:00  Marine x2  
  29  3:06  Bunker  
  29  3:08  SCV  
  30  3:18  Marine x3  
  31  3:29  Factory Tech Lab  
  30  3:35  Marine  
  30  3:36  Marine  
  33  3:48  Starport, Marine  
  33  3:54  Marine  
  33  4:05  SCV  
  33  4:06  Marine  
  33  4:07  SCV  
  36  4:14  Supply Depot x2, Barracks Tech Lab  
  36  4:15  Supply Depot  
  35  4:35  Medivac, Cyclone, Marine x2  
  39  4:44  Stimpack  
  33  4:53  Marine x2  
  35  5:04  Liberator  
  35  5:10  Marine  
  37  5:16  SCV x2  
  37  5:17  Engineering Bay  
  37  5:20  Barracks Reactor  
  38  5:28  Marine, SCV x2  
  43  5:32  Siege Tank  
  47  5:40  SCV x2  
  49  5:46  Marine  
  48  5:52  SCV  
  48  5:53  Missile Turret  
  44  5:59  Marine x2  
  46  6:04  Marine  
  47  6:16  Marine x2  
  47  6:22  Marine  
  45  6:26  SCV x2  
  46  6:34  Marine  
  46  6:35  Marine  
  46  6:37  Siege Tank  
  46  6:39  Missile Turret  
  47  6:40  Marine  
  47  6:46  Medivac  
  47  6:51  Barracks x2  
  47  6:52  Marine x2  
  49  6:57  Marine  
  50  7:10  Marine x2  
  50  7:15  Marine  
  52  7:22  Siege Tank  
  56  7:28  Marine x2  
  58  7:33  Marine  
  59  7:37  SCV x2  
  59  7:39  Marine  
  62  7:45  Marine  
  62  7:46  Marine x2  
  62  7:49  Supply Depot  
  62  7:51  Marine  
  65  7:57  Supply Depot, Marine  
  67  8:02  Marine  
  68  8:05  Marine  
Show
View Real Time Build Order
Export as new Build Order

IIIIIIIIIIII Protoss - Winner!

Build Orders: 1 Gate Expand, Oracle Opening 

Get SALT Encoding   

  12  0:01  Probe (Chrono Boost)  
  13  0:11  Probe (Chrono Boost)  
  14  0:18  Pylon  
  14  0:22  Probe (Chrono Boost)  
  15  0:36  Probe (Chrono Boost), Gateway  
  16  0:43  Assimilator  
  16  0:47  Probe (Chrono Boost)  
  17  0:57  Probe (Chrono Boost)  
  18  1:08  Probe (Chrono Boost)  
  19  1:21  Nexus  
  19  1:23  Probe (Chrono Boost)  
  20  1:34  Cybernetics Core  
  20  1:37  Probe (Chrono Boost)  
  21  1:44  Assimilator  
  21  1:47  Probe (Chrono Boost)  
  22  1:56  Pylon  
  22  1:58  Probe (Chrono Boost)  
  23  2:14  Adept  
  23  2:15  Mothership Core (Chrono Boost), Warp Gate  
  27  2:21  Pylon  
  27  2:33  Probe (Chrono Boost)  
  27  2:34  Probe (Chrono Boost)  
  29  2:41  Adept  
  32  2:44  Probe (Chrono Boost)  
  32  2:46  Probe (Chrono Boost)  
  33  2:52  Stargate  
  33  2:55  Probe (Chrono Boost)  
  33  2:58  Probe (Chrono Boost)  
  35  3:05  Probe (Chrono Boost)  
  36  3:08  Probe (Chrono Boost)  
  37  3:14  Pylon  
  37  3:15  Pylon  
  37  3:16  Probe (Chrono Boost)  
  37  3:19  Probe (Chrono Boost)  
  39  3:27  Probe (Chrono Boost)  
  39  3:29  Probe (Chrono Boost)  
  40  3:37  Probe (Chrono Boost)  
  40  3:38  Oracle (Chrono Boost), Probe  
  40  3:41  Assimilator  
  45  3:42  Assimilator  
  45  3:49  Probe x2  
  47  4:00  Probe  
  47  4:01  Probe  
  49  4:04  Pylon  
  47  4:10  Probe  
  47  4:13  Probe  
  49  4:20  Twilight Council  
  49  4:21  Probe  
  49  4:23  Robotics Facility  
  50  4:25  Probe  
  51  4:31  Probe  
  51  4:37  Probe  
  53  4:42  Probe  
  54  4:48  Phoenix (Chrono Boost)  
  57  4:53  Gateway x2  
  57  4:59  Gateway  
  56  5:00  Pylon, Gateway  
  56  5:03  Blink (Chrono Boost)  
  56  5:07  Forge  
  56  5:08  Observer  
  56  5:09  Forge  
  56  5:12  Stalker  
  59  5:22  Phoenix  
  61  5:28  Nexus  
  61  5:30  Observer, Pylon  
  61  5:34  Probe  
  64  5:38  Pylon  
  64  5:39  Probe  
  63  5:46  Probe  
  64  5:51  Probe  
  64  5:58  Stalker x3  
  64  6:00  Probe  
  69  6:06  Immortal  
  69  6:15  Stalker  
  70  6:23  Nexus  
  70  6:25  Pylon  
  70  6:29  Pylon  
  70  6:31  Pylon  
  70  6:43  Stalker x3, Probe x2  
  70  6:46  Charge (Chrono Boost)  
  78  6:47  Pylon  
  78  6:49  Observer  
  78  6:52  Pylon  
  79  6:55  Probe  
  80  7:04  Gateway  
  80  7:08  Pylon  
  80  7:18  Probe  
  80  7:19  Probe  
  82  7:25  Stalker x5  
  92  7:30  Templar Archives  
  92  7:35  Immortal  
  96  7:37  Probe x2  
  96  7:43  Gateway  
  98  7:46  Pylon  
  98  7:48  Gateway  
  98  7:51  Pylon  
  98  7:52  Probe  
  98  7:54  Probe x2  
  101  7:58  Sentry  
  101  7:59  Sentry  
  101  8:00  Sentry  
  101  8:04  Probe  
  108  8:05  Probe  
  108  8:06  Probe  
Tags
 
Add a new tag
Caveats
  • Supply blocks, unpowered buildings, or Contaminate may cause inaccurate times.
  • Supply counts are checked every 10 seconds.